 Dungeon Crawl Stone Soup version 0.22.1-1-ga44c0e5 (webtiles) character file.

34128 rabbit the Thaumaturge (level 13, -15/99 HPs)
             Began as a Gnoll Wizard on Oct 16, 2018.
             Was a Priest of Ashenzari.
             Demolished by a two-headed ogre
             ... wielding a +0 giant club
              (26 damage)
             ... on level 11 of the Dungeon.
             The game lasted 03:32:06 (37070 turns).

rabbit the Thaumaturge (Gnoll Wizard)              Turns: 37070, Time: 03:32:08

Health: -15/99     AC: 10    Str: 15    XL:     13   Next: 75%
Magic:  23/27      EV: 20    Int: 24    God:    Ashenzari [***...]
Gold:   1505       SH:  9    Dex: 19    Spells: 10/33 levels left

rFire    + . .     SeeInvis +   a - +5 dagger "Juamn" {pierce, rC+ MR++ Str+4}
rCold    + . .     Gourm    .   V - +2 buckler
rNeg     . . .     Faith    .   S - +1 robe {rF+}
rPois    .         Spirit   .   x - +0 helmet
rElec    .         Reflect  .   z - +1 cloak
rCorr    .         Harm     .   (no gloves)
MR       ++...                  Y - +2 pair of boots
Stlth    ++++......             I - amulet of magic regeneration (curse)
HPRegen  0.26/turn              X - ring of see invisible
MPRegen  0.45/turn              e - +5 ring of dexterity (curse)

@: deflect missiles
A: distributed training, fangs 1, strong nose
a: Curse Item, Scrying, Renounce Religion


You were on level 11 of the Dungeon.
You worshipped Ashenzari.
Ashenzari was most pleased with you.
You were not hungry.

You visited 4 branches of the dungeon, and saw 22 of its levels.

You collected 1505 gold pieces.

Inventory:

Hand Weapons
 a - the +5 dagger "Juamn" (weapon) {pierce, rC+ MR++ Str+4}
   (You took it off an orc on level 6 of the Dungeon)

   It inflicts extra damage upon your enemies.
   It affects your strength (+4).
   It protects you from cold.
   It affects your resistance to hostile enchantments.
 b - a +1 hunting sling of velocity
Missiles
 i - 494 stones (quivered)
 m - 118 bolts
 o - 70 poisoned needles
 u - 101 sling bullets
 v - 203 arrows
Armour
 h - a +0 robe
 s - a +0 buckler
 x - a +0 helmet (worn)
 z - a +1 cloak (worn)
 D - a +0 robe
 S - a +1 robe of fire resistance (worn)
 V - a +2 buckler (worn)
 Y - a +2 pair of boots (worn)
Jewellery
 e - a cursed +5 ring of dexterity (right hand)
 k - a +4 ring of strength
 B - an uncursed ring of protection from cold
 I - a cursed amulet of magic regeneration (around neck)
 J - the cursed ring of Ashenzari's Delight {Ice *Slow Str+10 Int-4 Stlth+}
   (You acquired it on level 4 of the Lair of Beasts)

   [ring of ice]

   It enhances your ice magic.
   It affects your strength (+10).
   It affects your intelligence (-4).
   It makes you vulnerable to fire.
   It protects you from cold.
   It may slow you when you take damage.
   It makes you more stealthy.
   It has a curse placed upon it.
 M - an uncursed ring of fire
 R - an uncursed ring of ice
 X - a ring of see invisible (left hand)
Wands
 p - a wand of digging (2)
 y - a wand of random effects (41)
 F - a wand of iceblast (32)
 G - a wand of paralysis (9)
 L - a wand of polymorph (21)
 O - a wand of enslavement (19)
 Q - a wand of flame (28)
Scrolls
 c - a scroll of torment {unknown}
 d - 5 scrolls of remove curse
 f - 6 scrolls of fear
 j - 2 scrolls of blinking
 l - 8 scrolls of amnesia
 n - 4 scrolls of magic mapping
 q - 5 scrolls of identify
 r - 11 scrolls of teleportation
 t - 2 scrolls of enchant armour
 C - a scroll of fog
 N - a scroll of silence
 P - a scroll of immolation
 U - a scroll of noise {unknown}
Potions
 g - 5 potions of curing
 w - 7 potions of heal wounds
 A - 4 potions of flight
 T - 3 potions of invisibility
 W - a potion of resistance
 Z - a potion of brilliance
Miscellaneous
 H - a sack of spiders
 K - a lightning rod (4/4)
Comestibles
 E - 31 rations


   Skills:
 + Level 8.4 Fighting
 + Level 8.4 Short Blades
 + Level 8.4 Long Blades
 + Level 8.4 Axes
 + Level 8.4 Maces & Flails
 + Level 8.4 Polearms
 + Level 8.4 Staves
 + Level 8.4 Slings
 + Level 8.4 Bows
 + Level 8.4 Crossbows
 + Level 8.4 Throwing
 + Level 8.4 Armour
 + Level 9.6 Dodging
 + Level 9.4 Stealth
 + Level 8.4 Shields
 + Level 8.4 Unarmed Combat
 + Level 10.9 Spellcasting
 + Level 7.4(9.3) Conjurations
 + Level 7.0(9.0) Hexes
 + Level 7.0(9.0) Charms
 + Level 7.4(9.3) Summonings
 + Level 7.0(9.0) Necromancy
 + Level 7.4(9.3) Translocations
 + Level 7.0(9.0) Transmutations
 + Level 7.0(9.0) Fire Magic
 + Level 7.0(9.0) Ice Magic
 + Level 7.0(9.0) Air Magic
 + Level 7.0(9.0) Earth Magic
 + Level 7.0(9.0) Poison Magic
 + Level 9.2 Invocations
 + Level 8.4(10.3) Evocations


You had 10 spell levels left.
You knew the following spells:

 Your Spells              Type           Power        Failure   Level  Hunger
a - Magic Dart            Conj           ####         1%          1    None
b - Blink                 Tloc           N/A          1%          2    None
c - Deflect Missiles      Chrm/Air       ######....   19%         6    #####..
d - Conjure Flame         Conj/Fire      ######..     1%          3    None
e - Mephitic Cloud        Conj/Pois/Air  ######..     1%          3    None
f - Summon Ice Beast      Ice/Summ       ######..     1%          4    None
g - Summon Lightning Spi  Summ/Air       ######..     1%          4    None

Your spell library contained the following spells:

 Spells                   Type           Power        Failure   Level  Hunger
 Flame Tongue             Conj/Fire      #####        1%          1    None
 Freeze                   Ice            ####         1%          1    None
 Summon Small Mammal      Summ           ####         1%          1    None
 Call Imp                 Summ           ######..     1%          2    None
 Poisonous Vapours        Pois/Air       ######       1%          2    None
 Searing Ray              Conj           ######       1%          2    None
 Slow                     Hex            ######..     1%          2    None
 Throw Flame              Conj/Fire      ######       1%          2    None
 Throw Frost              Conj/Ice       ######       1%          2    None
 Call Canine Familiar     Summ           ######..     1%          3    None
 Dazzling Spray           Conj/Hex       ######       1%          3    None
 Inner Flame              Hex/Fire       ######..     1%          3    None
 Ozocubu's Armour         Chrm/Ice       ######..     1%          3    None
 Summon Guardian Golem    Hex/Summ       ######..     1%          3    None
 Cause Fear               Hex            ######....   1%          4    None
 Force Lance              Conj/Tloc      ######..     1%          4    None
 Fulminant Prism          Conj/Hex       ######....   1%          4    None
 Iskenderun's Mystic Bla  Conj           ######..     1%          4    None
 Sticky Flame             Conj/Fire      ######..     1%          4    None
 Throw Icicle             Conj/Ice       ######..     1%          4    None
 Fireball                 Conj/Fire      ######....   3%          5    ####...
 Irradiate                Conj/Tmut      ######....   3%          5    ####...
 Silence                  Hex/Air        ######....   3%          5    ####...
 Yara's Violent Unravell  Hex/Tmut       ######....   3%          5    ####...
 Freezing Cloud           Conj/Ice/Air   ######....   17%         6    #####..
 Hydra Form               Tmut           ######....   19%         6    #####..
 Statue Form              Tmut/Erth      ######...    19%         6    #####..
 Dragon Form              Tmut           ######....   69%         7    #######
 Ring of Flames           Chrm/Fire      ######....   69%         7    #######
 Discord                  Hex            ######....   100%        8    #######


Dungeon Overview and Level Annotations

Branches:
Dungeon (14/15)            Temple (1/1) D:7            Lair (6/6) D:10
  Swamp (0/4) Lair:2       Spider (0/4) Lair:4        Slime (0/5) Lair:5
    Orc (1/2) D:11         Vaults (0/5) D:13

Altars:
Ashenzari
Cheibriados
Dithmenos
Elyvilon
Fedhas
Gozag
Hepliaklqana
Kikubaaqudgha
Makhleb
Nemelex Xobeh
Okawaru
Qazlal
Ru
Sif Muna
Trog
Uskayaw
Vehumet
Wu Jian
Xom
Yredelemnul
Zin
The Shining One
Lugonu

Shops:
D:8 (

Annotations:
D:9 1 runed door, Kay's ghost, novice DsMo
D:11 1 transporter


Innate Abilities, Weirdness & Mutations

Your experience applies equally to all skills.
You have very sharp teeth.
Your uncanny sense of smell can sniff out nearby items.


Message History

Your lightning spire is destroyed!
The orc warlord hits you with an enchanted war axe!
The orc warlord hits you with an enchanted war axe!!
The orc warlord no longer looks unusually strong.
The orc knight roars a battlecry!
The orc warlord goes into a battle-frenzy!
There is a staircase back to the Dungeon here.
The two-headed ogre hits you with a giant club!!
The two-headed ogre completely misses you.
The orc warlord barely misses you.
You climb upwards.
Welcome back to the Dungeon!
Level annotation: 1 transporter
There is a staircase to the Orcish Mines here.
Casting: Summon Lightning Spire (safe; 1% risk of failure)
Confirm with . or Enter, or press ? or * to list all spells.
You blink.
The two-headed ogre hits you with a giant club!!
* * * LOW HITPOINT WARNING * * *
The two-headed ogre hits you with a giant spiked club!!
You die...

#.............###
####..####
##........###[..####.....#
*.
##......#####.......##.[#
, ########
#....#######.##* ##.#...#
#.# * #########.###.#
#.###*
#..........##.#####...###
#.......................>
#.......@..###...........
#.....§O..)..............
#.......[....##....#.....
#.....)....#..#..###.###.
######.....#....## #.# #.
##....)...#.#..# ##.###.
##......).......# #...##.
#..........#....# #......
#.............#.###...#..


You could see a two-headed ogre.

Vanquished Creatures
  A hydra (D:13)
  A two-headed ogre (D:9)
  An unseen horror (D:10)
  A shambling mangrove (Lair:1)
  3 spiny frogs
  A komodo dragon (Lair:3)
  3 rime drakes
  An efreet (D:13)
  A troll (D:14)
  A hippogriff (D:7)
  3 blink frogs (Lair:6)
  Sigmund (D:2)
  Eustachio (D:5)
  4 yaks
  3 hogs
  A human (D:7)
  Edmund (D:6)
  9 water moccasins
  A porcupine (Lair:5)
  An orc warrior (D:11)
  2 black bears
  2 ice beasts
  3 phantoms
  3 ogres
  A boggart (D:13)
  3 centaurs
  3 crocodiles
  7 bullfrogs
  Blork the orc (D:6)
  3 scorpions
  A howler monkey (D:4)
  5 crimson imps
  A centaur zombie (D:7)
  3 hounds
  2 bullfrog zombies
  A gnoll shaman (D:7)
  8 orc wizards
  5 bullfrog skeletons
  2 centaur skeletons
  8 orc priests
  Crazy Yiuf (D:3)
  Terence (D:2)
  5 iguanas
  A hell rat (Lair:3)
  12 worker ants
  A hound zombie (D:7)
  2 hound skeletons
  2 howler monkey zombies
  A worker ant zombie (D:11)
  9 gnolls
  16 adders
  4 shadow imps
  2 oozes
  4 worms
  2 dart slugs
  7 leopard geckos
  42 orcs
  2 bats
  5 giant cockroaches
  3 goblins
  9 hobgoblins
  2 jackals
  6 quokkas
  4 ball pythons
  5 frilled lizards
  A giant cockroach zombie (D:6)
  2 gnoll zombies (D:5)
  7 kobolds
  2 leopard gecko skeletons
  2 quokka zombies
  5 rats
  A fungus (D:3)
271 creatures vanquished.

Vanquished Creatures (collateral kills)
  An ogre mage (D:13)
  Nergalle (Lair:4)
  Sonja (Lair:3)
  An unseen horror (D:12)
  A skeletal warrior (D:13)
  A deep elf archer (D:13)
  2 deep elf magi (D:13)
  An ugly thing (D:11)
  3 cyclopes
  3 black mambas
  6 elephants (Lair:3)
  24 spiny frogs
  6 kobold demonologists
  5 centaur skeletons
  A rime drake (Lair:6)
  5 komodo dragons
  A polar bear (Lair:5)
  A jumping spider (Lair:4)
  A meliai (D:13)
  A queen bee (D:10)
  2 trolls
  A hornet (D:12)
  5 tyrant leeches (Lair:6)
  6 slime creatures
  A polar bear (shapeshifter) (D:14)
  12 blink frogs
  11 hippogriffs
  2 redbacks (Lair:4)
  A shadow (D:11)
  A fire bat (shapeshifter) (D:14)
  2 wyverns
  A wraith (D:13)
  30 yaks
  4 hungry ghosts
  A steam dragon (D:9)
  2 basilisks
  6 vampire mosquitoes (Lair:6)
  A warg (D:11)
  Menkaure (D:6)
  2 soldier ants (D:7)
  2 acid dragons
  21 water moccasins
  2 hell hounds (Lair:2)
  7 orc warriors
  5 porcupines
  3 sky beasts
  7 ogres
  4 wolves (Lair:6)
  A centaur (D:10)
  11 crocodiles
  3 big kobolds
  12 bullfrogs
  2 wyvern zombies
  A scorpion (D:9)
  A water moccasin zombie (D:7)
  34 killer bees
  5 wights (D:6)
  5 howler monkeys
  2 electric eels
  2 crimson imps
  2 bullfrog zombies
  3 hounds
  3 orc priests
  5 jellies
  6 orc wizards
  3 hell rats (Lair:3)
  3 worker ants
  A worker ant zombie (D:11)
  13 river rats (Lair:3)
  9 adders
  4 shadow imps
  3 oozes (Lair:5)
  An adder skeleton (D:7)
  19 orcs
  3 jackals
  6 quokkas (Lair:3)
  4 kobolds
  8 rats (Lair:3)
  2 plants (Lair:6)
386 creatures vanquished.

Vanquished Creatures (others)
  A big kobold (D:13)
  A kobold (D:13)
  7 fungi
  72 plants (Lair:6)
81 creatures vanquished.

Grand Total: 738 creatures vanquished

Notes
Turn   | Place    | Note
-------+----------+-------------------------------------------
     0 | D:1      | rabbit the Gnoll Wizard began the quest for the Orb.
     0 | D:1      | Reached XP level 1. HP: 13/13 MP: 8/8
   210 | D:1      | Reached XP level 2. HP: 19/19 MP: 6/10
   214 | D:1      | Learned a level 2 spell: Blink
   217 | D:1      | Learned a level 2 spell: Call Imp
   483 | D:1      | Reached XP level 3. HP: 25/25 MP: 11/11
   488 | D:1      | Learned a level 3 spell: Conjure Flame
   492 | D:1      | Learned a level 3 spell: Mephitic Cloud
  1023 | D:2      | Reached skill level 1 in Invocations
  1080 | D:2      | Reached skill level 1 in Fighting
  1080 | D:2      | Reached skill level 1 in Short Blades
  1080 | D:2      | Reached skill level 1 in Long Blades
  1080 | D:2      | Reached skill level 1 in Axes
  1080 | D:2      | Reached skill level 1 in Maces & Flails
  1080 | D:2      | Reached skill level 1 in Polearms
  1080 | D:2      | Reached skill level 1 in Staves
  1080 | D:2      | Reached skill level 1 in Slings
  1080 | D:2      | Reached skill level 1 in Bows
  1080 | D:2      | Reached skill level 1 in Crossbows
  1080 | D:2      | Reached skill level 1 in Throwing
  1080 | D:2      | Reached skill level 1 in Armour
  1080 | D:2      | Reached skill level 1 in Shields
  1080 | D:2      | Reached skill level 1 in Unarmed Combat
  1080 | D:2      | Reached skill level 1 in Evocations
  1388 | D:2      | Noticed Terence
  1508 | D:2      | Killed Terence
  1508 | D:2      | Reached XP level 4. HP: 26/32 MP: 7/13
  1824 | D:2      | Noticed Sigmund
  2040 | D:2      | Killed Sigmund
  2040 | D:2      | Reached skill level 1 in Hexes
  2040 | D:2      | Reached skill level 1 in Charms
  2040 | D:2      | Reached skill level 1 in Necromancy
  2040 | D:2      | Reached skill level 1 in Transmutations
  2040 | D:2      | Reached skill level 1 in Fire Magic
  2040 | D:2      | Reached skill level 1 in Ice Magic
  2040 | D:2      | Reached skill level 1 in Air Magic
  2040 | D:2      | Reached skill level 1 in Earth Magic
  2040 | D:2      | Reached skill level 1 in Poison Magic
  2040 | D:2      | Reached XP level 5. HP: 35/38 MP: 11/14
  2040 | D:2      | Reached XP level 6. HP: 40/44 MP: 12/16
  3087 | D:3      | Found a runed door.
  3092 | D:3      | Noticed Crazy Yiuf
  3109 | D:3      | Killed Crazy Yiuf
  3109 | D:3      | Reached skill level 5 in Dodging
  3441 | D:4      | Found a radiant altar of Vehumet.
  3920 | D:4      | Reached XP level 7. HP: 50/50 MP: 13/18
  5578 | D:4      | Reached skill level 5 in Stealth
  5950 | D:5      | Entered Level 5 of the Dungeon
  6294 | D:5      | Reached XP level 8. HP: 57/57 MP: 11/19
  6585 | D:5      | Noticed Eustachio
  6601 | D:5      | Killed Eustachio
  7125 | D:5      | Found a basalt altar of Yredelemnul.
  7376 | D:6      | Learned a level 4 spell: Summon Ice Beast
  7381 | D:6      | Learned a level 4 spell: Summon Lightning Spire
  7418 | D:6      | Noticed Menkaure
  7594 | D:6      | Noticed Edmund
  7629 | D:6      | Reached skill level 8 in Spellcasting
  7646 | D:6      | Killed Edmund
  7657 | D:6      | Got an encrusted dagger {pierce}
  7800 | D:6      | Identified the +5 dagger "Juamn" {pierce, rC+ MR++ Str+4}
                  | (You took it off an orc on level 6 of the Dungeon)
  7909 | D:6      | Noticed Blork the orc
  8455 | D:6      | Killed Menkaure
  8455 | D:6      | Reached XP level 9. HP: 34/65 MP: 10/21
  8622 | D:6      | Killed Blork the orc
 10590 | D:7      | Found a staircase to the Ecumenical Temple.
 10596 | Temple   | Entered the Ecumenical Temple
 11041 | D:7      | Got a pitted scale mail
 11052 | D:7      | Identified the cursed +1 scale mail "Selel" {rN++} (You
                  | found it on level 7 of the Dungeon)
 11519 | D:7      | Found a burning altar of Makhleb.
 11645 | D:7      | Reached skill level 5 in Invocations
 11657 | D:7      | Got a fine chain mail
 11975 | D:8      | Reached XP level 10. HP: 60/73 MP: 0/22
 12234 | D:8      | Found a deep blue altar of Sif Muna.
 12234 | D:8      | Found a shimmering altar of Xom.
 12289 | D:9      | Noticed a two-headed ogre
 12305 | D:9      | Killed a two-headed ogre
 12305 | D:9      | Reached skill level 5 in Fighting
 12305 | D:9      | Reached skill level 5 in Short Blades
 12305 | D:9      | Reached skill level 5 in Long Blades
 12305 | D:9      | Reached skill level 5 in Axes
 12305 | D:9      | Reached skill level 5 in Maces & Flails
 12305 | D:9      | Reached skill level 5 in Polearms
 12305 | D:9      | Reached skill level 5 in Staves
 12305 | D:9      | Reached skill level 5 in Slings
 12305 | D:9      | Reached skill level 5 in Bows
 12305 | D:9      | Reached skill level 5 in Crossbows
 12305 | D:9      | Reached skill level 5 in Throwing
 12305 | D:9      | Reached skill level 5 in Armour
 12305 | D:9      | Reached skill level 5 in Shields
 12305 | D:9      | Reached skill level 5 in Unarmed Combat
 12305 | D:9      | Reached skill level 5 in Evocations
 12660 | D:9      | Found a shattered altar of Ashenzari.
 12671 | D:9      | Became a worshipper of Ashenzari the Shackled
 12671 | D:9      | Identified the cursed +0 chain mail of Dogmatism {Dex+3}
                  | (You found it on level 7 of the Dungeon)
 12964 | D:7      | Got the long sword of the Unseen Realm {flame, rF- MR++}
 12965 | D:7      | Identified the +1 long sword of the Unseen Realm {flame,
                  | rF- MR++} (You took it off a centaur on level 7 of the
                  | Dungeon)
 13168 | D:7      | Found a runed door.
 13168 | D:7      | Found a runed door.
 13738 | D:7      | Reached skill level 9 in Spellcasting
 13852 | D:7      | Found a runed door.
 13853 | D:7      | Noticed a kobold demonologist
 13854 | D:7      | Found a runed door.
 13854 | D:7      | Found a runed door.
 14108 | D:7      | Noticed a rust devil
 14108 | D:7      | Killed a kobold demonologist
 14187 | D:7      | Reached skill level 5 in Conjurations
 14187 | D:7      | Reached skill level 5 in Summonings
 14187 | D:7      | Reached skill level 5 in Translocations
 14320 | D:7      | Noticed a gargoyle
 15356 | D:7      | Noticed a cyclops
 15453 | D:7      | Killed a cyclops
 15981 | D:8      | Found Ebeigim's Weapon Boutique.
 16898 | D:9      | Found a runed door.
 16899 | D:9      | Noticed a dire flail of chaos
 16901 | D:9      | Noticed Kay's ghost (novice DsMo)
 16922 | D:9      | Found a shimmering altar of Xom.
 16939 | D:9      | Reached XP level 11. HP: 48/81 MP: 22/24
 16949 | D:9      | Noticed an eight-headed hydra
 17344 | D:9      | Found an iron altar of Okawaru.
 17519 | D:10     | Entered Level 10 of the Dungeon
 17538 | D:10     | Found a staircase to the Lair.
 18162 | D:10     | Reached * piety under Ashenzari
 18440 | D:11     | Noticed a cyclops
 18488 | D:11     | Noticed a green ugly thing
 18493 | D:11     | Killed a cyclops
 18493 | D:11     | Reached skill level 5 in Hexes
 18493 | D:11     | Reached skill level 5 in Charms
 18493 | D:11     | Reached skill level 5 in Necromancy
 18493 | D:11     | Reached skill level 5 in Transmutations
 18493 | D:11     | Reached skill level 5 in Fire Magic
 18493 | D:11     | Reached skill level 5 in Ice Magic
 18493 | D:11     | Reached skill level 5 in Air Magic
 18493 | D:11     | Reached skill level 5 in Earth Magic
 18493 | D:11     | Reached skill level 5 in Poison Magic
 18499 | D:11     | Killed a green ugly thing
 18746 | D:11     | Found a staircase to the Orcish Mines.
 19129 | Lair:1   | Entered Level 1 of the Lair of Beasts
 20915 | Lair:2   | Noticed an oklob plant
 20916 | Lair:2   | Noticed a shambling mangrove
 20916 | Lair:2   | an oklob plant changed into a shambling mangrove
 21375 | Lair:1   | Killed a shambling mangrove
 21693 | Lair:2   | Reached ** piety under Ashenzari
 21763 | Lair:2   | Found a staircase to the Swamp.
 22444 | Lair:3   | Reached XP level 12. HP: 89/89 MP: 25/25
 23096 | Lair:3   | Reached skill level 10 in Spellcasting
 23357 | Lair:3   | Noticed Sonja
 23365 | Lair:3   | Killed Sonja
 24501 | Lair:4   | Identified a scroll of acquirement
 24501 | Lair:4   | Identified the cursed ring of Ashenzari's Delight {Ice
                  | *Slow Str+10 Int-4 Stlth+} (You acquired it on level 4 of
                  | the Lair of Beasts)
 24574 | Lair:4   | Found a hole to the Spider Nest.
 25240 | Lair:4   | Noticed Nergalle
 25271 | Lair:4   | Killed Nergalle
 25708 | Lair:4   | Reached *** piety under Ashenzari
 26288 | Lair:5   | Found a staircase to the Slime Pits.
 27215 | Lair:6   | Entered Level 6 of the Lair of Beasts
 28518 | Lair:6   | Reached XP level 13. HP: 77/98 MP: 19/27
 30719 | D:11     | Learned a level 6 spell: Deflect Missiles
 30847 | D:11     | Found a transporter.
 30997 | D:11     | Found a corrupted altar of Lugonu.
 34442 | D:13     | Found a gate to the Vaults.
 36890 | Orc:1    | Entered Level 1 of the Orcish Mines
 37038 | Orc:1    | Noticed an orc warlord
 37070 | D:11     | Demolished by a two-headed ogre

Skill      XL: |  1  2  3  4  5  6  7  8  9 10 11 12 13 |
---------------+----------------------------------------+-----
Conjurations   | 2 3 4 5 6 7 |  7.4
Summonings     | 2 3 4 5 6 7 |  7.4
Translocations | 2 3 4 5 6 7 |  7.4
Invocations    | 1 2 3 4 5 6 7 8 9 |  9.2
Fighting       | 1 2 3 4 5 6 7 8 |  8.4
Short Blades   | 1 2 3 4 5 6 7 8 |  8.4
Long Blades    | 1 2 3 4 5 6 7 8 |  8.4
Axes           | 1 2 3 4 5 6 7 8 |  8.4
Maces & Flails | 1 2 3 4 5 6 7 8 |  8.4
Polearms       | 1 2 3 4 5 6 7 8 |  8.4
Staves         | 1 2 3 4 5 6 7 8 |  8.4
Slings         | 1 2 3 4 5 6 7 8 |  8.4
Bows           | 1 2 3 4 5 6 7 8 |  8.4
Crossbows      | 1 2 3 4 5 6 7 8 |  8.4
Throwing       | 1 2 3 4 5 6 7 8 |  8.4
Armour         | 1 2 3 4 5 6 7 8 |  8.4
Shields        | 1 2 3 4 5 6 7 8 |  8.4
Unarmed Combat | 1 2 3 4 5 6 7 8 |  8.4
Evocations     | 1 2 3 4 5 6 7 8 |  8.4
Hexes          | 1 2 3 4 5 6 7 |  7.0
Charms         | 1 2 3 4 5 6 7 |  7.0
Necromancy     | 1 2 3 4 5 6 7 |  7.0
Transmutations | 1 2 3 4 5 6 7 |  7.0
Fire Magic     | 1 2 3 4 5 6 7 |  7.0
Ice Magic      | 1 2 3 4 5 6 7 |  7.0
Air Magic      | 1 2 3 4 5 6 7 |  7.0
Earth Magic    | 1 2 3 4 5 6 7 |  7.0
Poison Magic   | 1 2 3 4 5 6 7 |  7.0
Dodging        | 5 6 7 8 9 |  9.6
Stealth        | 5 6 7 8 9 |  9.4
Spellcasting   | 8 9 10 | 10.9

Action                   |  1- 3 |  4- 6 |  7- 9 | 10-12 | 13-15 || total
-------------------------+-------+-------+-------+-------+-------++-------
Melee: Spear             |     1 |       |       |       |       ||     1
       Dagger            |    42 |    99 |   344 |   240 |    65 ||   790
       Bite              |     6 |     9 |    32 |    18 |     6 ||    71
       Punch             |       |     1 |     2 |     2 |       ||     5
 Fire: Hunting sling     |       |     5 |    14 |    25 |    37 ||    81
 Cast: Magic Dart        |    54 |    38 |   133 |   122 |       ||   347
       Mephitic Cloud    |     3 |    13 |    48 |    14 |     6 ||    84
       Blink             |     2 |     4 |    17 |    21 |    17 ||    61
       Call Imp          |       |       |     4 |       |       ||     4
       Conjure Flame     |       |       |     2 |     2 |     2 ||     6
       Summon Ice Beast  |       |       |    10 |   137 |   127 ||   274
       Summon Lightning  |       |       |     9 |   126 |    99 ||   234
       Deflect Missiles  |       |       |       |       |     1 ||     1
Invok: Curse Item        |       |       |       |     1 |     1 ||     2
Evoke: Wand              |       |       |     7 |    13 |       ||    20
  Use: Scroll            |     1 |     1 |    10 |    12 |    10 ||    34
       Potion            |       |       |       |     1 |       ||     1
 Stab: Sleeping          |     5 |     5 |     6 |    14 |     6 ||    36
       Confused          |     2 |    10 |    31 |     6 |     1 ||    50
       Distracted        |       |       |     1 |     1 |     1 ||     3
       Paralysed         |       |       |     1 |       |       ||     1
  Eat: Chunk             |     1 |     1 |    15 |    30 |     9 ||    56
       Ration            |       |     2 |     3 |     8 |     6 ||    19
Armor: Robe              |     6 |     9 |    31 |    46 |    21 ||   113
       Scale mail        |       |       |    19 |    17 |       ||    36
Dodge: Dodged            |    14 |    50 |   203 |   217 |   114 ||   598
Block: Buckler           |       |       |       |    73 |    79 ||   152
